 Dungeon Crawl Stone Soup version 0.19.1 (webtiles) character file.

7492 Nakatomy the Archer (level 10, -13/96 (97) HPs)
             Began as a Centaur Hunter on Dec 27, 2016.
             Was a Believer of Trog.
             Mangled by a cyclops (29 damage)
             ... on level 10 of the Dungeon.
             The game lasted 00:42:55 (17184 turns).

Nakatomy the Archer (Centaur Hunter)               Turns: 17184, Time: 00:42:56

HP:   -13/96 (97)   AC: 11    Str: 15    XL:     10   Next: 95%
MP:   10/10         EV:  3    Int: 10    God:    Trog [**....]
Gold: 633           SH:  0    Dex: 13    Spells: 0 memorised, 9 levels left

rFire  . . .     SeeInvis .     a - +1 shortbow
rCold  . . .     Gourm    .     E - +0 plate armour
rNeg   . . .     Faith    .     (shield currently unavailable)
rPois  +         Spirit   .     (no helmet)
rElec  .         Reflect  .     F - +0 cloak {rPois}
rCorr  .         Harm     .     (no gloves)
MR     .....                    (no barding)
Stlth  ..........               (no amulet)
                                (no ring)
                                (no ring)

@: very quick
A: hooves 3, deformed body, speed 2, tough skin 3
a: Berserk, Trog's Hand, Burn Spellbooks, Renounce Religion


You were on level 10 of the Dungeon.
You worshipped Trog.
Trog was pleased with you.
You were not hungry.

You visited 1 branch of the dungeon, and saw 10 of its levels.

You collected 745 gold pieces.
You spent 112 gold pieces at shops.

Inventory:

Hand Weapons
 a - a +1 shortbow (weapon)
 b - a +3 spear of freezing
 y - a +3 spear
Missiles
 d - 44 arrows (quivered)
Armour
 E - a +0 plate armour (worn)
 F - a +0 cloak of poison resistance (worn)
Jewellery
 i - an uncursed ring of fire
 D - the cursed ring "Heimega" {rC+ Str-4}
   (You found it on level 4 of the Dungeon)

   [ring of strength]

   It affects your strength (-4).
   It protects you from cold.
   It has a curse placed upon it.
 H - an uncursed amulet of the gourmand {unknown}
Wands
 m - a wand of polymorph (0/24)
 r - a wand of paralysis (9/24)
 v - a wand of random effects (24/48)
 x - a wand of polymorph (10/24)
 B - a wand of confusion (32/48)
Scrolls
 c - a scroll of amnesia {unknown}
 e - 3 scrolls of enchant armour
 h - a scroll of fog
 j - a scroll of fear {unknown}
 l - 2 scrolls of teleportation
 n - 2 scrolls of identify
 o - a scroll of blinking {unknown}
 q - a scroll of magic mapping
 z - 2 scrolls of enchant weapon
 C - a scroll of torment {unknown}
Potions
 g - 4 potions of curing
 k - a potion of haste
 p - 4 potions of lignification
 s - 3 potions of degeneration
 t - a potion of brilliance
 u - a potion of magic {unknown}
 w - 2 potions of flight
 A - 2 potions of heal wounds
Comestibles
 f - 6 bread rations


   Skills:
 * Level 11.6 Fighting
 + Level 2.8 Polearms
 - Level 13.0 Bows
 + Level 5.1 Armour
 - Level 1.3 Dodging
 - Level 0.4 Stealth


You had 9 spell levels left.
You didn't know any spells.

Dungeon Overview and Level Annotations

Branches:
Dungeon (10/15)            Temple (0/1) D:5             Orc (0/2) D:10
   Lair: D:8-11

Altars:
Ashenzari
Cheibriados
Fedhas
Gozag
Hepliaklqana
Kikubaaqudgha
Makhleb
Nemelex Xobeh
Trog
Uskayaw
Vehumet
The Shining One

Shops:
D:5 !

Annotations:
D:3 exclusion: downstairs


Innate Abilities, Weirdness & Mutations

You have hooves in place of feet.
Armour fits poorly on your strangely shaped body.
You cover ground very quickly.
You have extremely tough skin. (AC +3)


Message History

d - 29 arrows (gained 1)
d - 30 arrows (gained 1)
d - 32 arrows (gained 2)
d - 33 arrows (gained 1)
d - 34 arrows (gained 1)
d - 35 arrows (gained 1)
d - 36 arrows (gained 1)
d - 37 arrows (gained 1)
d - 42 arrows (gained 5)
There is an open door here.
There is an open door here.
d - 43 arrows (gained 1)
d - 44 arrows (gained 1)
There is a stone staircase leading down here.
Done exploring.
You climb downwards.
The cyclops hits you!!
* * * LOW HITPOINT WARNING * * *
There is a stone staircase leading up, spattered with blood here.
The cyclops hits you!!
You die...

............)..<.................
................(................
.................................
...........)..[[.................
............[.....[..............
...............(........)...)....
..............[..................
...............)C................
................@................
#################################


You could see a cyclops.

Vanquished Creatures
  2 hill giants
  Maurice (D:9)
  A two-headed ogre (D:9)
  A troll (D:9)
  A hippogriff (D:9)
  A wyvern (D:8)
  A yak (D:8)
  2 hungry ghosts
  Duvessa (D:4)
  A water moccasin (D:8)
  7 orc warriors
  4 sky beasts
  4 ice beasts
  A necrophage (D:6)
  A phantom (D:9)
  6 ogres
  3 centaurs
  2 bullfrogs
  A big kobold (D:9)
  A gnoll sergeant (D:10)
  Dowan (D:4)
  A wyvern skeleton (D:8)
  3 scorpions
  6 killer bees
  An electric eel (D:10)
  A wight (D:8)
  4 howler monkeys
  4 jellies
  A vampire bat (D:3)
  8 crimson imps
  2 bullfrog zombies
  2 quasits
  2 hounds
  3 orc priests
  A bullfrog skeleton (D:8)
  A centaur skeleton (D:9)
  An iguana (D:8)
  5 orc wizards
  8 worker ants
  2 worker ant zombies
  13 adders
  8 gnolls
  3 shadow imps
  2 oozes
  An adder skeleton (D:9)
  2 worms
  4 dart slugs
  5 leopard geckos
  41 orcs
  2 ball pythons (D:3)
  12 bats
  4 giant cockroaches
  8 goblins
  10 hobgoblins
  7 jackals
  5 quokkas
  6 frilled lizards
  A goblin skeleton (D:4)
  2 hobgoblin zombies (D:4)
  A jackal zombie (D:8)
  11 kobolds
  2 kobold skeletons (D:4)
  A leopard gecko zombie (D:5)
  2 orc skeletons (D:4)
  2 orc zombies (D:4)
  9 rats
263 creatures vanquished.

Notes
Turn   | Place    | Note
-------+----------+-------------------------------------------
     0 | D:1      | Nakatomy the Centaur Hunter began the quest for the Orb.
     0 | D:1      | Reached XP level 1. HP: 17/17 MP: 1/1
   434 | D:1      | Reached XP level 2. HP: 25/25 MP: 2/2
  1074 | D:1      | Reached skill level 6 in Bows
  1480 | D:1      | Reached XP level 3. HP: 30/30 MP: 3/3
  1844 | D:2      | Found a burning altar of Makhleb.
  2112 | D:2      | Found a radiant altar of Vehumet.
  2133 | D:2      | Found a faded altar of an unknown god.
  2133 | D:2      | Found a hazy altar of Hepliaklqana.
  2138 | D:2      | Found a faded altar of an unknown god.
  2281 | D:2      | Found a faded altar of an unknown god.
  2283 | D:2      | Found a faded altar of an unknown god.
  2390 | D:2      | Reached XP level 4. HP: 34/38 MP: 4/4
  3025 | D:3      | Reached skill level 7 in Bows
  3540 | D:3      | Reached XP level 5. HP: 19/45 MP: 5/5
  4432 | D:4      | Reached skill level 8 in Bows
  4442 | D:4      | Noticed an ogre
  4504 | D:4      | Killed an ogre
  4504 | D:4      | Reached XP level 6. HP: 52/52 MP: 6/6
  4542 | D:4      | Found a burning altar of Makhleb.
  4621 | D:3      | Reached skill level 9 in Bows
  5243 | D:4      | Noticed Duvessa
  5245 | D:4      | Noticed Dowan
  5276 | D:4      | Killed Duvessa
  5276 | D:4      | Reached XP level 7. HP: 59/60 MP: 7/7
  5293 | D:4      | Killed Dowan
  5293 | D:4      | Reached skill level 10 in Bows
  5396 | D:4      | Reached skill level 5 in Fighting
  5529 | D:4      | Found a glowing golden altar of the Shining One.
  5919 | D:4      | Got a steaming lead ring
  6069 | D:4      | Found an ancient bone altar of Kikubaaqudgha.
  6200 | D:5      | Entered Level 5 of the Dungeon
  6582 | D:5      | Found a blossoming altar of Fedhas.
  6618 | D:5      | Found an opulent altar of Gozag.
  6879 | D:5      | Reached skill level 11 in Bows
  6879 | D:5      | Reached XP level 8. HP: 69/69 MP: 8/8
  6936 | D:5      | Found a bloodstained altar of Trog.
  6943 | D:5      | Became a worshipper of Trog the Wrathful
  6984 | D:5      | Found Deonov's Distillery.
  7037 | D:5      | Bought a potion of heal wounds for 70 gold pieces
  7037 | D:5      | Bought a potion of lignification for 42 gold pieces
  7040 | D:5      | Found a staircase to the Ecumenical Temple.
  7543 | D:6      | Reached skill level 12 in Bows
  7959 | D:6      | Reached * piety under Trog
  8222 | D:6      | Identified the cursed ring "Heimega" {rC+ Str-4} (You found it on level 4 of the Dungeon)
  8597 | D:6      | Reached skill level 13 in Bows
  8812 | D:6      | Found a snail-covered altar of Cheibriados.
  9003 | D:6      | Found a sparkling altar of Nemelex Xobeh.
  9376 | D:7      | Reached XP level 9. HP: 78/78 MP: 9/9
  9407 | D:7      | You fall through a shaft for 2 floors!
  9738 | D:8      | Reached skill level 1 in Armour
 10246 | D:8      | Noticed a hill giant
 10272 | D:8      | Noticed a death knight
 10321 | D:8      | Killed a hill giant
 10857 | D:7      | Found a sparkling altar of Nemelex Xobeh.
 12159 | D:8      | Found a shattered altar of Ashenzari.
 12679 | D:8      | Reached XP level 10. HP: 53/92 MP: 10/10
 13435 | D:8      | Found a shattered altar of Ashenzari.
 13554 | D:9      | Reached skill level 10 in Fighting
 15107 | D:9      | Found a glowing golden altar of the Shining One.
 15172 | D:9      | Found a hide-covered altar of Uskayaw.
 15349 | D:10     | Entered Level 10 of the Dungeon
 15433 | D:10     | Noticed a hill giant
 15494 | D:9      | Killed a hill giant
 15494 | D:9      | Reached skill level 1 in Polearms
 15665 | D:10     | Noticed Maurice
 15856 | D:9      | Killed Maurice
 16111 | D:10     | Reached ** piety under Trog
 16313 | D:10     | Reached skill level 5 in Armour
 16993 | D:10     | Noticed a cyclops
 17184 | D:10     | Mangled by a cyclops

Skill      XL: |  1  2  3  4  5  6  7  8  9 10 |
---------------+-------------------------------+-----
Bows           | 6 7 8 9 11 13 | 13.0
Fighting       | 3 4 5 7 9 11 | 11.6
Armour         | 3 5 |  5.1
Polearms       | 2 |  2.8
Dodging        | |  1.3
Stealth        | |  0.4

Action                   |  1- 3 |  4- 6 |  7- 9 | 10-12 || total
-------------------------+-------+-------+-------+-------++-------
Melee: Short sword       |   131 |   178 |   292 |       ||   601
       Kick              |    24 |    30 |    84 |    44 ||   182
       Rapier            |       |       |    29 |   131 ||   160
       Spear             |       |       |       |    35 ||    35
       Shortbow          |       |       |       |     4 ||     4
 Fire: Shortbow          |    14 |    74 |   309 |   369 ||   766
Invok: Burn Spellbooks   |       |       |       |     1 ||     1
Evoke: Wand              |       |       |       |     5 ||     5
  Use: Scroll            |       |     5 |     4 |    10 ||    19
       Potion            |       |       |       |     1 ||     1
  Eat: Chunk             |     4 |     8 |    13 |     8 ||    33
       Meat ration       |       |       |     1 |       ||     1
       Pizza             |       |       |     1 |       ||     1
       Bread ration      |       |       |       |     1 ||     1
Armor: Leather armour    |    48 |    93 |   111 |       ||   252
       Plate armour      |       |       |    30 |   156 ||   186
       Skin              |       |       |       |    20 ||    20
Dodge: Dodged            |    49 |   137 |   151 |    22 ||   359
